Map: Berlingrad LE

Players

CheekiBreeki - Winner!

  • Race: Zerg Zerg
  • League: Silver

Alxkikin

  • Race: Terran Terran
  • League: Silver

VOD

Have the link to the VOD?

Description

Time

  • Played on: Dec. 17, 2021, 6:38 p.m.
  • Length: 19:54
Show
View Real Time Build Order
Export as new Build Order

CheekiBreeki Zerg - Winner!

Build Orders: Hatch First 

Get SALT Encoding   

  12  0:12  Overlord  
  12  0:13  Drone  
  13  0:17  Drone  
  14  0:22  Extractor  
  14  0:25  Drone  
  14  0:36  Drone  
  15  0:57  Hatchery  
  14  1:06  Drone x2  
  16  1:26  Spawning Pool  
  16  1:28  Drone x2  
  16  1:32  Drone  
  18  1:46  Burrow  
  18  1:50  Drone  
  18  1:52  Drone  
  20  2:01  Drone  
  21  2:17  Baneling Nest  
  21  2:19  Drone x2  
  21  2:21  Overlord  
  22  2:30  Drone  
  22  2:32  Drone  
  22  2:33  Drone  
  25  2:55  Drone x2  
  25  2:56  Drone x2  
  25  2:57  Queen  
  31  3:00  Queen  
  33  3:33  Zergling x8  
  36  3:34  Overlord  
  36  3:35  Overlord  
  36  3:38  Lair  
  36  3:52  Queen  
  36  3:54  Spine Crawler  
  37  3:56  Spine Crawler  
  37  3:58  Spine Crawler  
  37  4:00  Drone x2, Zergling x2  
  37  4:01  Zergling x2  
  39  4:11  Drone  
  39  4:12  Drone  
  41  4:24  Roach Warren  
  41  4:25  Drone x2, Extractor  
  41  4:48  Spire  
  41  4:51  Drone x3  
  43  4:53  Overlord x2  
  43  4:55  Drone x3  
  43  4:56  Drone x2  
  48  5:04  Extractor  
  48  5:05  Drone, Extractor  
  47  5:14  Roach x6  
  55  5:15  Roach  
  61  5:22  Overlord  
  61  5:25  Roach  
  63  5:47  Evolution Chamber  
  63  5:49  Roach x6  
  74  5:51  Drone x2  
  74  5:54  Overlord  
  76  6:07  Overlord x2  
  76  6:13  Pneumatized Carapace  
  76  6:14  Hatchery  
  76  6:16  Baneling x4  
  75  6:25  Overlord x2  
  75  6:28  Drone  
  75  6:29  Drone  
  75  6:31  Drone  
  78  6:34  Drone  
  79  6:58  Drone x4  
  79  7:00  Drone  
  84  7:02  Mutalisk x2  
  84  7:03  Mutalisk x2  
  84  7:04  Mutalisk  
  84  7:07  Drone  
  94  7:46  Hydralisk Den  
  94  7:47  Evolution Chamber  
  92  7:54  Infestation Pit  
  91  8:00  Roach x2  
  91  8:01  Roach x8  
  91  8:02  Roach x2  
  115  8:08  Glial Reconstitution  
  115  8:13  Spore Crawler  
  115  8:15  Spore Crawler  
  115  8:16  Spore Crawler  
  112  8:23  Hydralisk x5  
  112  8:25  Overlord  
  122  8:41  Overseer  
  122  8:45  Overseer  
  122  8:47  Overseer x2  
  122  8:48  Hydralisk  
  122  8:49  Hydralisk x2  
  122  8:52  Drone  
  122  8:53  Drone  
  130  9:14  Extractor  
  129  9:18  Extractor, Hydralisk  
  129  9:23  Zerg Missile Weapons Level 1  
  129  9:28  Overlord x4  
  129  9:30  Zerg Ground Armor Level 1  
  129  9:31  Centrifugal Hooks  
  129  9:52  Hydralisk x2  
  129  9:53  Overlord x2  
  129  9:56  Corruptor  
  129  9:57  Infestor  
  137  10:30  Spore Crawler  
  129  10:44  Hydralisk x4  
  129  10:45  Hydralisk x5  
  90  11:13  Infestor x2  
  90  11:14  Infestor x3  
  96  11:26  Infestor  
  98  11:40  Overlord, Zergling x6  
  98  11:44  Drone x2  
  98  11:45  Drone x2  
  105  11:53  Muscular Augments  
  105  11:57  Hydralisk  
  105  11:58  Hydralisk x2  
  111  12:20  Hydralisk x2  
  111  12:21  Hydralisk x3  
  121  12:24  Drone x2  
  121  12:26  Drone  
  121  12:28  Drone  
  126  12:30  Drone  
  126  12:32  Drone  
  126  12:34  Drone  
  122  12:56  Corruptor  
  122  12:57  Corruptor x2  
  115  12:58  Corruptor  
  87  13:17  Hydralisk x4  
  91  13:26  Drone x5  
  96  13:28  Drone  
  96  13:33  Corruptor  
  99  13:44  Spore Crawler  
  99  13:45  Spore Crawler  
  99  13:47  Spore Crawler  
  96  13:54  Zerg Ground Armor Level 2  
  96  14:00  Hydralisk x2  
  96  14:02  Drone  
  101  14:13  Infestor x4  
  101  14:14  Infestor x3  
  101  14:24  Overseer x3  
  101  14:27  Zerg Missile Weapons Level 2  
  101  14:34  Drone x4  
  101  14:35  Drone x4  
  88  14:57  Hydralisk x2  
  88  14:58  Hydralisk x6  
  88  15:09  Queen  
  88  15:11  Queen  
  92  15:24  Drone x2  
  92  15:25  Drone x4  
  92  15:27  Hatchery  
  91  15:43  Spine Crawler  
  88  15:50  Hydralisk x5  
  88  15:51  Hydralisk  
  88  15:52  Hydralisk  
  102  16:10  Hydralisk x4  
  102  16:11  Hydralisk  
  112  16:37  Hydralisk x4  
  112  16:38  Hydralisk x4  
  128  16:43  Zerg Melee Weapons Level 1  
  128  16:49  Corruptor  
  128  16:51  Infestor  
  128  16:52  Infestor  
  134  16:56  Infestor  
  136  17:10  Spore Crawler  
  136  17:12  Spore Crawler  
  136  17:14  Spore Crawler x2  
  136  17:15  Spore Crawler  
  131  17:25  Spore Crawler  
  130  17:31  Hydralisk  
  130  17:32  Hydralisk x5  
  130  17:33  Hydralisk  
  144  17:39  Hydralisk  
  144  17:41  Extractor  
  144  17:42  Zergling x4  
  144  17:44  Infestor  
  147  17:47  Infestor x2  
  147  17:48  Infestor  
  147  18:14  Corruptor  
  147  18:15  Corruptor x5  
  141  18:35  Corruptor x2  
  141  18:36  Infestor, Hydralisk, Swarm Host  
  141  18:37  Hydralisk  
  124  19:02  Hydralisk x2  
  112  19:03  Hydralisk x5  
  120  19:24  Hydralisk x3  
  120  19:25  Hydralisk x3  
Show
View Real Time Build Order
Export as new Build Order

Alxkikin Terran 

Build Orders:  

Get SALT Encoding   

  12  0:01  SCV  
  13  0:13  SCV  
  14  0:23  Supply Depot  
  14  0:32  SCV  
  15  0:44  SCV  
  15  0:49  Barracks  
  16  0:55  Refinery  
  16  0:56  SCV  
  17  0:57  Refinery  
  17  1:08  SCV  
  18  1:20  SCV  
  18  1:22  Barracks  
  19  1:33  SCV  
  20  1:45  SCV  
  21  1:56  Marine  
  21  1:57  SCV  
  23  2:08  Command Center  
  23  2:25  Orbital Command  
  23  2:35  Supply Depot  
  23  2:56  Marine x2, Bunker  
  25  3:02  Bunker  
  25  3:08  Supply Depot  
  25  3:14  Marine x2  
  27  3:32  Marine x2  
  29  3:40  Supply Depot x2  
  29  3:48  Orbital Command  
  29  3:50  Marine  
  29  3:51  Refinery  
  30  4:06  Supply Depot, Refinery  
  30  4:29  SCV x2  
  32  4:34  Barracks Tech Lab x2  
  32  4:41  SCV x2  
  34  4:45  Factory  
  34  4:51  Barracks  
  34  4:53  SCV x2  
  36  5:04  Supply Depot  
  36  5:05  SCV  
  37  5:13  Engineering Bay  
  37  5:14  SCV  
  38  5:17  SCV  
  39  5:25  Concussive Shells  
  39  5:26  SCV, Stimpack  
  40  5:30  SCV, Factory Tech Lab  
  41  5:38  SCV  
  41  5:42  SCV  
  43  5:50  SCV  
  43  5:54  Supply Depot, SCV  
  45  5:59  Hi-Sec Auto Tracking  
  45  6:02  SCV  
  46  6:06  SCV  
  46  6:08  Combat Shield  
  47  6:14  SCV  
  47  6:18  SCV  
  49  6:25  Supply Depot  
  49  6:26  SCV  
  49  6:30  SCV  
  51  6:43  Refinery  
  51  6:44  Command Center  
  51  6:47  Missile Turret  
  51  6:48  Supply Depot, Missile Turret, Refinery  
  51  6:50  Missile Turret  
  51  6:57  SCV x2  
  53  7:06  Barracks Tech Lab  
  53  7:09  SCV x2, Marauder x2  
  53  7:10  Bunker  
  53  7:14  Bunker  
  58  7:21  SCV x2  
  54  7:31  Marauder x2  
  54  7:33  SCV x2  
  59  7:38  Marauder  
  61  7:45  SCV x2  
  63  7:52  Marauder x2  
  67  8:00  Starport, Marauder  
  67  8:02  Starport  
  69  8:10  Armory  
  69  8:14  Marauder x2  
  73  8:21  Marauder  
  75  8:35  Marauder x2  
  75  8:40  Starport, Command Center, Refinery  
  79  8:41  Starport  
  79  8:43  Marauder  
  79  8:44  Refinery  
  81  8:51  Starport Tech Lab  
  81  8:52  Starport Tech Lab  
  81  8:56  Marauder x2  
  81  8:57  Fusion Core  
  81  9:00  Armory  
  81  9:01  Thor  
  91  9:04  Marauder  
  91  9:06  SCV  
  94  9:12  Terran Infantry Weapons Level 1  
  94  9:16  SCV  
  95  9:18  SCV, Marauder x2  
  95  9:19  Starport  
  86  9:24  Starport Tech Lab  
  86  9:25  Starport Tech Lab, Marauder  
  86  9:28  SCV  
  86  9:30  SCV  
  90  9:37  Supply Depot  
  90  9:39  Marauder x2  
  90  9:41  SCV  
  90  9:42  SCV  
  96  9:47  Armory, Marauder  
  98  9:53  SCV  
  98  9:54  SCV, Orbital Command  
  100  10:00  Marauder  
  100  10:01  Marauder  
  100  10:05  SCV  
  100  10:06  SCV  
  106  10:17  SCV  
  106  10:18  SCV  
  108  10:27  Terran Ship Weapons Level 1, Terran Vehicle Weapons Level 1  
  108  10:29  Starport Reactor, SCV  
  108  10:30  SCV  
  108  10:41  SCV  
  104  10:43  SCV  
  91  10:53  SCV  
  78  11:25  Marauder  
  80  11:26  Marauder x2  
  80  11:29  Battlecruiser  
  80  11:30  Battlecruiser x3  
  80  11:32  Viking x2  
  112  11:47  Marauder x3  
  114  11:50  Command Center  
  114  11:52  Refinery  
  118  11:55  Supply Depot, Refinery  
  118  11:58  Supply Depot  
  118  12:00  Supply Depot  
  118  12:08  Marauder x2  
  122  12:09  Marauder  
  124  12:19  Supply Depot  
  124  12:21  Terran Vehicle And Ship Armor Level 1  
  124  12:22  Supply Depot  
  124  12:23  Supply Depot  
  124  12:24  Terran Infantry Armor Level 1  
  124  12:29  Marauder  
  128  12:30  Marauder x2  
  130  12:43  Supply Depot  
  130  12:49  Barracks  
  130  12:51  Marauder x3  
  130  13:12  Marauder  
  124  13:13  Battlecruiser, Marauder x2  
  124  13:14  Battlecruiser  
  124  13:16  Battlecruiser  
  136  13:21  Orbital Command  
  136  13:32  Terran Vehicle Weapons Level 2  
  136  13:33  Marauder  
  138  14:12  Battlecruiser  
  138  14:13  Viking x2  
  138  14:16  Barracks Tech Lab  
  148  14:18  Battlecruiser, Terran Infantry Weapons Level 2  
  154  14:29  Command Center  
  154  14:31  Refinery  
  154  14:34  Refinery  
  154  14:43  Viking  
  106  15:02  Battlecruiser x2  
  106  15:04  Terran Ship Weapons Level 2  
  106  15:06  Terran Vehicle And Ship Armor Level 2  
  114  15:15  SCV  
  114  15:16  SCV x2  
  117  15:28  SCV x3  
  120  15:35  Battlecruiser  
  126  15:40  Command Center, SCV x3  
  123  15:43  Refinery  
  123  15:47  Refinery, Orbital Command  
  117  15:52  SCV x3  
  121  16:04  SCV x3  
  121  16:10  Command Center  
  123  16:12  Refinery x2  
  123  16:33  SCV x2  
  123  16:34  SCV x3, Neosteel Armor  
  128  16:45  SCV  
  128  16:46  SCV x4  
  133  16:53  Orbital Command  
  133  16:57  SCV  
  133  16:58  SCV x2  
  136  17:06  Battlecruiser x3  
  136  17:07  Battlecruiser  
  160  17:08  Viking  
  160  17:09  Viking  
  160  17:15  Marauder x4  
  172  17:36  Marauder  
  172  17:37  Marauder x3  
  180  17:38  Viking  
  180  17:39  Viking  
  184  17:58  Marauder x3  
  190  18:00  Orbital Command  
  190  18:10  Battlecruiser  
Tags
 
Add a new tag
Caveats
  • Supply blocks, unpowered buildings, or Contaminate may cause inaccurate times.
  • Supply counts are checked every 10 seconds.